[Event "ICC tourney 2459 (45 10)"]
[Site "Internet Chess Club"]
[Date "2021.03.20"]
[Round "3"]
[White "HELLER, JACK G:Maximusiv"]
[Black "NARSINA, ANKIT:ankit-narsina"]
[Result "1-0"]
[ICCResult "Black checkmated"]
[WhiteElo "932"]
[BlackElo "208"]
[Opening "Evans gambit"]
[ECO "C51"]
[NIC "IG.05"]
[Time "16:01:26"]
[PlyCount "39"]
[TimeControl "2700+10"]

1. e4 e5 2. Nf3 Nc6 3. Bc4 Bc5 4. b4 Bxb4 5. c3 Bc5 6. d4 exd4 7. O-O dxc3
8. Bxf7+ Kxf7 9. Qd5+ Ke8 10. Qxc5 Nf6 11. Qxc3 d5 12. exd5 Nxd5 13. Re1+
Kf8 14. Ba3+ Kf7 15. Qd2 Bg4 16. Ng5+ Kg6 17. Ne6 Qf6 18. Bb2 Qf7 19. Qxd5
Ne7 20. Qg5# { Black checkmated } 1-0

[Event "ICC tourney 2459 (45 10)"]
[Site "Internet Chess Club"]
[Date "2021.03.20"]
[Round "3"]
[White "PATEL, SOHAM:SPBrain"]
[Black "MALONE, STEVEN CURTIS:YucaipaSteve"]
[Result "1-0"]
[ICCResult "Black checkmated"]
[WhiteElo "1241"]
[BlackElo "912"]
[Opening "French: advance variation"]
[ECO "C02"]
[NIC "FR.03"]
[Time "16:01:31"]
[PlyCount "33"]
[TimeControl "2700+10"]

1. e4 e6 2. d4 d5 3. e5 c5 4. c3 cxd4 5. cxd4 Nc6 6. Nf3 h6 7. Bb5 a6 8.
Bxc6+ bxc6 9. O-O c5 10. Be3 Qb6 11. Qc2 cxd4 12. Bxd4 Qd8 13. Nc3 f6 14.
Na4 Rb8 15. Nb6 Bd7 16. Qg6+ Ke7 17. Bc5# { Black checkmated } 1-0

[Event "ICC tourney 2459 (45 10)"]
[Site "Internet Chess Club"]
[Date "2021.03.20"]
[Round "3"]
[White "XIONG, ELEYN CHEN:Eleyn"]
[Black "HAUGHT-TROMP, MATTHEW:MatthewHT"]
[Result "0-1"]
[ICCResult "White resigns"]
[WhiteElo "1193"]
[BlackElo "1037"]
[Opening "Philidor's defense"]
[ECO "C41"]
[NIC "KP.10"]
[Time "16:01:26"]
[PlyCount "42"]
[TimeControl "2700+10"]

1. e4 e5 2. Nf3 d6 3. Bc4 Nf6 4. d3 Be7 5. c3 O-O 6. Qb3 Nbd7 7. Ng5 Nc5 8.
Bxf7+ Kh8 9. Qc4 h6 10. Ne6 Nxe6 11. Bxe6 Bxe6 12. Qxe6 Qd7 13. Qb3 Rab8
14. Be3 Ng4 15. Bxa7 Ra8 16. Be3 Nxe3 17. fxe3 Qg4 18. Rg1 Qh4+ 19. Kd2
Qf2+ 20. Kc1 Qxg1+ 21. Qd1 Rf1 { White resigns } 0-1

[Event "ICC tourney 2459 (45 10)"]
[Site "Internet Chess Club"]
[Date "2021.03.20"]
[Round "3"]
[White "BYLUND, ANDREW:khacs"]
[Black "NARSINA, AARUSH:aarush-narsina"]
[Result "0-1"]
[ICCResult "White resigns"]
[WhiteElo "893"]
[BlackElo "957"]
[Opening "Sicilian: Alapin's variation (2.c3)"]
[ECO "B22"]
[NIC "SI.46"]
[Time "16:01:22"]
[PlyCount "60"]
[TimeControl "2700+10"]

1. e4 c5 2. c3 d6 3. d4 cxd4 4. cxd4 Nf6 5. Nd2 Nc6 6. Ngf3 e6 7. Bb5 Bd7
8. b3 Be7 9. Bb2 O-O 10. O-O Rc8 11. Re1 a6 12. Bxc6 Rxc6 13. e5 dxe5 14.
Nxe5 Rc8 15. Rc1 b5 16. Qf3 a5 17. h3 a4 18. a3 axb3 19. Nxb3 Qb6 20. Red1
b4 21. axb4 Qxb4 22. Rc3 Rb8 23. d5 Ba4 24. Nc6 Qb7 25. Nca5 Qb4 26. dxe6
Bxb3 27. exf7+ Bxf7 28. Rb3 Qxa5 29. Bxf6 Bxf6 30. Ra3 Qg5 { White resigns
} 0-1

[Event "ICC tourney 2459 (45 10)"]
[Site "Internet Chess Club"]
[Date "2021.03.20"]
[Round "3"]
[White "CONNEEN, CHARLIE CHARLES:ukdl"]
[Black "STALEY, TIMOTHY:PirateKing"]
[Result "1-0"]
[ICCResult "Black checkmated"]
[WhiteElo "1286"]
[BlackElo "864"]
[Opening "Caro-Kann: classical, 6.h4"]
[ECO "B19"]
[NIC "CK.11"]
[Time "16:01:26"]
[PlyCount "89"]
[TimeControl "2700+10"]

1. e4 c6 2. d4 d5 3. Nc3 dxe4 4. Nxe4 Bf5 5. Ng3 Bg6 6. h4 h6 7. Nf3 Nf6 8.
Ne5 Bh7 9. Be3 Nbd7 10. Qf3 Nxe5 11. dxe5 Nd5 12. O-O-O Qa5 13. Kb1 e6 14.
Bd2 Qc7 15. Bd3 Bxd3 16. Qxd3 O-O-O 17. Rhe1 Nb4 18. Qb3 Nd5 19. c4 Nb6 20.
Bc3 Rxd1+ 21. Rxd1 Bc5 22. Ne4 Be7 23. Nd6+ Bxd6 24. exd6 Qd7 25. Ba5 Na8
26. Qg3 b6 27. Qxg7 Re8 28. Bc3 h5 29. Qg5 c5 30. Qxh5 Rd8 31. Bf6 Rg8 32.
g4 Nc7 33. g5 Ne8 34. Be7 Nc7 35. Qxf7 Re8 36. Kc1 Na6 37. g6 Nb4 38. g7
Nxa2+ 39. Kb1 Rxe7 40. g8=Q+ Kb7 41. Qxe7 Nc3+ 42. bxc3 Qxe7 43. dxe7 Ka6
44. e8=Q Ka5 45. Qb5# { Black checkmated } 1-0

[Event "ICC tourney 2459 (45 10)"]
[Site "Internet Chess Club"]
[Date "2021.03.20"]
[Round "3"]
[White "procopio, Patti:prostripe"]
[Black "HUA, OLIVER:oxdidi"]
[Result "1-0"]
[ICCResult "Black resigns"]
[WhiteElo "1223"]
[BlackElo "993"]
[Opening "King's Indian defense, 3.Nc3"]
[ECO "E61"]
[NIC "KI.80"]
[Time "16:02:17"]
[PlyCount "55"]
[TimeControl "2700+10"]

1. d4 Nf6 2. c4 g6 3. Nc3 Bg7 4. Bf4 d6 5. e3 O-O 6. Nf3 Nbd7 7. h3 b6 8.
Be2 Bb7 9. O-O e6 10. Rc1 Qe7 11. Qc2 c5 12. Bg5 cxd4 13. exd4 Rac8 14. b3
h6 15. Be3 e5 16. d5 e4 17. Nd4 Nc5 18. Qd2 Kh7 19. Bf4 Rfd8 20. Ncb5 Ne8
21. Nxa7 Bxd5 22. Nxc8 Rxc8 23. cxd5 Qf6 24. Be3 Qe5 25. Bc4 g5 26. Nc6 Qf6
27. Bd4 Qg6 28. Ne7 { Black resigns } 1-0

[Event "ICC tourney 2459 (45 10)"]
[Site "Internet Chess Club"]
[Date "2021.03.20"]
[Round "3"]
[White "LANKIPALLE, PRANEETH:kookiefalcon"]
[Black "McQuillin, Danil Alsandair:DanilMcQuillin"]
[Result "1-0"]
[ICCResult "Black forfeits on time"]
[WhiteElo "1057"]
[BlackElo "1193"]
[Opening "Four knights: double Ruy Lopez"]
[ECO "C49"]
[NIC "KP.03"]
[Time "16:01:23"]
[PlyCount "67"]
[TimeControl "2700+10"]

1. e4 e5 2. Nf3 Nc6 3. Nc3 Nf6 4. Bb5 Bb4 5. O-O d6 6. d3 h6 7. d4 exd4 8.
Nxd4 Bd7 9. Nxc6 bxc6 10. Bd3 O-O 11. Bd2 Re8 12. Re1 d5 13. exd5 cxd5 14.
Rxe8+ Qxe8 15. a3 Bd6 16. Qf3 Qe5 17. g3 Bg4 18. Qe3 Qh5 19. Nb5 d4 20.
Qxd4 Bc5 21. Qf4 Rd8 22. Bc3 Nd5 23. Qe4 f5 24. Qe6+ Kh8 25. Bd4 Nf4 26.
gxf4 Bh3 27. Be2 Bg4 28. Bc4 Re8 29. Qd7 Be7 30. Qxc7 Bh3 31. Qb7 Bg4 32.
Bd5 Be2 33. Nxa7 Qg4+ 34. Bg2 { Black forfeits on time } 1-0

[Event "ICC tourney 2459 (45 10)"]
[Site "Internet Chess Club"]
[Date "2021.03.20"]
[Round "3"]
[White "Bylund, Anders:ashshy"]
[Black "SALAZAR, LUIS:zarman"]
[Result "1-0"]
[ICCResult "Black checkmated"]
[WhiteElo "1045"]
[BlackElo "1271"]
[Opening "Latvian counter-gambit"]
[ECO "C40"]
[NIC "KP.09"]
[Time "16:01:33"]
[PlyCount "165"]
[TimeControl "2700+10"]

1. e4 e5 2. Nf3 f5 3. Nc3 Bc5 4. Bc4 Nf6 5. Nxe5 Bxf2+ 6. Kxf2 Nxe4+ 7.
Nxe4 Qh4+ 8. Ng3 Qd4+ 9. Kf3 b5 10. Bf7+ Kd8 11. d3 Bb7+ 12. Ke2 Qxe5+ 13.
Kf2 f4 14. Ne4 d5 15. Nc3 g6 16. Re1 Qd4+ 17. Kf1 b4 18. Nb5 Qc5 19. a4 a6
20. Bxf4 axb5 21. Bg5+ Kc8 22. Qg4+ Nd7 23. d4 Qc4+ 24. Kg1 Bc6 25. a5 Kb7
26. Re2 Nb6 27. Qe6 Rhf8 28. Bf6 Rxf7 29. b3 Rxf6 30. bxc4 Rxe6 31. Rxe6
Nxc4 32. a6+ Kb6 33. Kf2 Nd6 34. Rb1 Rxa6 35. Rxb4 Ra2 36. Re2 Ne4+ 37. Ke3
Ra3+ 38. Kf4 g5+ 39. Kg4 Bd7+ 40. Kh5 Bf5 41. g4 Bg6+ 42. Kh6 Rh3+ 43. Kg7
Rf3 44. Kh6 Be8 45. Kxh7 Rf7+ 46. Kh6 Rf6+ 47. Kg7 Rg6+ 48. Kf8 Bd7 49. h3
Be6 50. Rb3 Rf6+ 51. Ke7 Bg8 52. Rbe3 Rf7+ 53. Ke8 Nd6+ 54. Kd8 Kc6 55.
Rc3+ Nc4 56. Re6+ Kb7 57. Rg6 Bh7 58. Rxg5 Nd6 59. Re5 Bg6 60. Rc5 c6 61.
Re7+ Rxe7 62. Kxe7 Nc4 63. c3 Kb6 64. h4 Na5 65. h5 Bh7 66. g5 Nb7 67. g6
Bg8 68. h6 Nxc5 69. dxc5+ Kxc5 70. h7 Bxh7 71. gxh7 b4 72. cxb4+ Kxb4 73.
h8=Q c5 74. Qb2+ Kc4 75. Kd6 d4 76. Qc2+ Kb4 77. Qxc5+ Kb3 78. Qxd4 Ka2 79.
Qb6 Ka1 80. Kc5 Ka2 81. Kc4 Ka1 82. Kc3 Ka2 83. Qb2# { Black checkmated }
1-0

[Event "ICC tourney 2459 (45 10)"]
[Site "Internet Chess Club"]
[Date "2021.03.20"]
[Round "4"]
[White "HUA, OLIVER:oxdidi"]
[Black "SIMPSON, CHARLES D:The-Rider"]
[Result "1-0"]
[ICCResult "Black checkmated"]
[WhiteElo "993"]
[BlackElo "1204"]
[Opening "Giuoco Piano"]
[ECO "C53"]
[NIC "IG.02"]
[Time "18:32:39"]
[PlyCount "21"]
[TimeControl "2700+10"]

1. e4 e5 2. Nf3 Nc6 3. Bc4 Bc5 4. c3 Na5 5. Bxf7+ Kxf7 6. b4 Bxb4 7. cxb4
Nc6 8. b5 Nce7 9. Nxe5+ Kf8 10. Qf3+ Ke8 11. Qf7# { Black checkmated } 1-0

[Event "ICC tourney 2459 (45 10)"]
[Site "Internet Chess Club"]
[Date "2021.03.20"]
[Round "4"]
[White "SALAZAR, LUIS:zarman"]
[Black "XIONG, ELEYN CHEN:Eleyn"]
[Result "1-0"]
[ICCResult "Black resigns"]
[WhiteElo "1271"]
[BlackElo "1193"]
[Opening "English: Caro-Kann defensive system"]
[ECO "A11"]
[NIC "EO.61"]
[Time "18:32:40"]
[PlyCount "25"]
[TimeControl "2700+10"]

1. c4 c6 2. Nc3 Nf6 3. e4 e5 4. Nf3 d6 5. d4 exd4 6. Nxd4 g6 7. Bg5 Bg7 8.
Qd2 Qb6 9. Be3 c5 10. Ndb5 Ke7 11. Bg5 h6 12. Bxf6+ Bxf6 13. Nd5+ { Black
resigns } 1-0

[Event "ICC tourney 2459 (45 10)"]
[Site "Internet Chess Club"]
[Date "2021.03.20"]
[Round "4"]
[White "QI, JENNY:eevee11"]
[Black "PATEL, SOHAM:SPBrain"]
[Result "0-1"]
[ICCResult "White checkmated"]
[WhiteElo "1020"]
[BlackElo "1241"]
[Opening "Petrov's defense"]
[ECO "C42"]
[NIC "RG.03"]
[Time "18:32:40"]
[PlyCount "34"]
[TimeControl "2700+10"]

1. e4 e5 2. Nf3 Nf6 3. Nxe5 Nc6 4. Nxc6 dxc6 5. Nc3 Bc5 6. Be2 h5 7. O-O
Ng4 8. Na4 Qh4 9. Bxg4 hxg4 10. h3 gxh3 11. Qf3 hxg2 12. Qxg2 Rh6 13. Nxc5
Rg6 14. Qxg6 fxg6 15. d4 Bh3 16. Re1 Qg4+ 17. Kh1 Qg2# { White checkmated }
0-1

[Event "ICC tourney 2459 (45 10)"]
[Site "Internet Chess Club"]
[Date "2021.03.20"]
[Round "4"]
[White "HAUGHT-TROMP, MATTHEW:MatthewHT"]
[Black "CAO, DANIEL:danielcao"]
[Result "0-1"]
[ICCResult "White resigns"]
[WhiteElo "1037"]
[BlackElo "1121"]
[Opening "Sicilian: Grand Prix attack"]
[ECO "B23"]
[NIC "SI.44"]
[Time "18:32:38"]
[PlyCount "100"]
[TimeControl "2700+10"]

1. e4 c5 2. Nc3 Nc6 3. f4 e5 4. f5 Nf6 5. Bb5 a6 6. Bxc6 bxc6 7. Nf3 d6 8.
d3 Be7 9. O-O O-O 10. Qe1 Nd7 11. Qg3 Bf6 12. Qh3 Re8 13. Qh5 h6 14. Qg4
Kf8 15. h3 Be7 16. Qh5 Nf6 17. Qh4 Nd5 18. Qg3 Nf6 19. Nh2 Nh5 20. Qf3 Nf6
21. Ng4 Nxg4 22. Qxg4 Bf6 23. Ne2 Ke7 24. Ng3 Rg8 25. Nh5 Qf8 26. Nxf6 gxf6
27. Qh4 Qg7 28. Rf2 Rh8 29. Kh2 Bb7 30. Rf3 Rag8 31. Qf2 d5 32. exd5 cxd5
33. Qxc5+ Ke8 34. Qf2 d4 35. Rg3 Qxg3+ 36. Qxg3 Rxg3 37. Kxg3 Rg8+ 38. Kh2
Rxg2+ 39. Kh1 Rxc2+ 40. Kg1 Rg2+ 41. Kf1 Rg3 42. Bxh6 Rxh3 43. Bd2 Rxd3 44.
Ke2 Rf3 45. Rf1 Rxf1 46. Kxf1 Be4 47. Ke2 Bxf5 48. a4 Kd7 49. b3 Bc2 50. b4
Bxa4 { White resigns } 0-1

[Event "ICC tourney 2459 (45 10)"]
[Site "Internet Chess Club"]
[Date "2021.03.20"]
[Round "4"]
[White "STALEY, TIMOTHY:PirateKing"]
[Black "BYLUND, ANDREW:khacs"]
[Result "1-0"]
[ICCResult "Black checkmated"]
[WhiteElo "864"]
[BlackElo "893"]
[Opening "Queen's pawn, Mason variation"]
[ECO "D00"]
[NIC "QP.08"]
[Time "18:32:39"]
[PlyCount "147"]
[TimeControl "2700+10"]

1. d4 d5 2. Bf4 f6 3. Nf3 Nc6 4. e3 Bf5 5. Bd3 Bg6 6. c3 e6 7. Nbd2 Bd6 8.
Bxd6 Qxd6 9. O-O Nge7 10. Nb3 Bxd3 11. Qxd3 e5 12. dxe5 Nxe5 13. Qb5+ Qc6
14. Qxc6+ N7xc6 15. Nc5 b6 16. Nxe5 Nxe5 17. Nb3 c5 18. Rfd1 O-O-O 19. a4
Nc4 20. Ra2 Rd6 21. g3 Rhd8 22. Nd2 Ne5 23. Kg2 d4 24. Ne4 Rd5 25. cxd4
cxd4 26. exd4 Rxd4 27. Rxd4 Rxd4 28. Nc3 a6 29. b3 Kc7 30. Rc2 Kd6 31. Ne2
Rb4 32. Rd2+ Ke6 33. Nf4+ Kf5 34. Rb2 Ng6 35. Nd5 Rd4 36. Nxb6 h5 37. Nc4
h4 38. Ne3+ Ke4 39. g4 Nf4+ 40. Kf1 Kf3 41. Rb1 h3 42. Nf5 Rd7 43. Nh4+
Kxg4 44. Re1 Kxh4 45. Re4 Kg4 46. Re3 Rd1+ 47. Re1 Rxe1+ 48. Kxe1 Kf3 49.
Kf1 Nd3 50. a5 g5 51. Kg1 Nxf2 52. b4 Ne4 53. b5 axb5 54. a6 b4 55. a7 b3
56. a8=Q b2 57. Qb7 g4 58. Qxb2 g3 59. Qb3+ Ke2 60. Qc4+ Kf3 61. Qd3+ Kf4
62. hxg3+ Nxg3 63. Kh2 Kg4 64. Qxg3+ Kh5 65. Qxh3+ Kg5 66. Qg3+ Kh5 67. Kh3
f5 68. Qh4+ Kg6 69. Qf4 Kh5 70. Qxf5+ Kh6 71. Kh4 Kg7 72. Kh5 Kg8 73. Kh6
Kh8 74. Qh7# { Black checkmated } 1-0

[Event "ICC tourney 2459 (45 10)"]
[Site "Internet Chess Club"]
[Date "2021.03.20"]
[Round "4"]
[White "Chandler, Brooks :Tebow2Baker"]
[Black "BAREKET, NIMROD:nb12"]
[Result "1-0"]
[ICCResult "Black checkmated"]
[WhiteElo "1226"]
[BlackElo "1212"]
[Opening "Queen's pawn: London system"]
[ECO "A45"]
[NIC "QP.07"]
[Time "18:32:39"]
[PlyCount "43"]
[TimeControl "2700+10"]

1. d4 Nf6 2. Bf4 d5 3. e3 g6 4. c3 Bg7 5. Nf3 O-O 6. Bd3 Nc6 7. Nbd2 Re8 8.
O-O Bg4 9. e4 Nh5 10. Be3 e5 11. dxe5 Nxe5 12. Be2 Nxf3+ 13. Bxf3 Bxf3 14.
Qxf3 dxe4 15. Nxe4 Qd3 16. Ng5 f5 17. Qxb7 Rab8 18. Qxc7 Qd5 19. Rfd1 Qb7
20. Qc4+ Kf8 21. Nxh7+ Ke7 22. Bc5# { Black checkmated } 1-0

[Event "ICC tourney 2459 (45 10)"]
[Site "Internet Chess Club"]
[Date "2021.03.20"]
[Round "4"]
[White "GUO, MAX:salamenceg"]
[Black "HELLER, JACK G:Maximusiv"]
[Result "0-1"]
[ICCResult "White resigns"]
[WhiteElo "1067"]
[BlackElo "932"]
[Opening "Scandinavian defense"]
[ECO "B01"]
[NIC "SD.03"]
[Time "18:32:38"]
[PlyCount "81"]
[TimeControl "2700+10"]

1. e4 d5 2. exd5 Nf6 3. Nf3 Bf5 4. Nc3 Nxd5 5. Bc4 Nxc3 6. bxc3 Nc6 7. d3
e6 8. Be3 Bd6 9. Qe2 O-O 10. Nd4 Qf6 11. Nb5 a6 12. Nd4 Qg6 13. g3 Bg4 14.
f3 Nxd4 15. cxd4 Bb4+ 16. Bd2 Bxd2+ 17. Qxd2 Bxf3 18. Rf1 Bg4 19. Rb1 b5
20. Bb3 Rae8 21. Qg2 e5 22. d5 e4 23. d4 Qh5 24. h4 Bf3 25. Qf2 Bg4 26. c4
Bh3 27. Rh1 Bg4 28. Qe3 Bf3 29. Rg1 Qg4 30. cxb5 axb5 31. Bd1 f5 32. Qf4
Bxd1 33. Rxd1 e3 34. Rd3 Re4 35. Qxc7 f4 36. Rf1 Qxg3+ 37. Ke2 f3+ 38. Rxf3
Qxc7 39. Rxf8+ Kxf8 40. Rxe3 Rxe3+ 41. Kxe3 { White resigns } 0-1

[Event "ICC tourney 2459 (45 10)"]
[Site "Internet Chess Club"]
[Date "2021.03.20"]
[Round "4"]
[White "MALONE, STEVEN CURTIS:YucaipaSteve"]
[Black "REITZ, BARTLEY:reitzbart"]
[Result "0-1"]
[ICCResult "White checkmated"]
[WhiteElo "912"]
[BlackElo "984"]
[Opening "Nimzo-Indian: Leningrad variation"]
[ECO "E30"]
[NIC "NI.25"]
[Time "18:32:45"]
[PlyCount "70"]
[TimeControl "2700+10"]

1. d4 Nf6 2. c4 e6 3. Nc3 Bb4 4. Bg5 O-O 5. e3 Be7 6. Bd3 Nc6 7. a3 b6 8.
Nge2 d5 9. O-O Ne4 10. Bxe7 Qxe7 11. Nxe4 dxe4 12. Bxe4 Bb7 13. Qc2 g6 14.
Rad1 Rab8 15. d5 Ne5 16. Nd4 f5 17. Bd3 Nxd3 18. Qxd3 exd5 19. Rfe1 Rbd8
20. Qc3 dxc4 21. Qxc4+ Bd5 22. Qc3 c5 23. Nc2 Qe4 24. f3 Qe6 25. b4 c4 26.
Nd4 Qf6 27. e4 fxe4 28. Rf1 exf3 29. Qc2 Qg5 30. Rd2 Qe3+ 31. Rff2 fxg2 32.
Qd1 Rxf2 33. Rxf2 Rf8 34. Qd2 Qxd2 35. Rxd2 Rf1# { White checkmated } 0-1

[Event "ICC tourney 2459 (45 10)"]
[Site "Internet Chess Club"]
[Date "2021.03.20"]
[Round "4"]
[White "Goldblatt, Steven:SGOLD9367"]
[Black "LANKIPALLE, PRANEETH:kookiefalcon"]
[Result "0-1"]
[ICCResult "White checkmated"]
[WhiteElo "1318"]
[BlackElo "1057"]
[Opening "Queen's gambit declined"]
[ECO "D30"]
[NIC "QP.08"]
[Time "18:32:40"]
[PlyCount "76"]
[TimeControl "2700+10"]

1. d4 d5 2. c4 e6 3. Bf4 Nf6 4. Nf3 Be7 5. e3 O-O 6. h3 dxc4 7. Bxc4 Nc6 8.
O-O Bd7 9. Nbd2 h6 10. Rc1 Bd6 11. Bxd6 cxd6 12. a3 d5 13. Bd3 Qe7 14. Nb3
b6 15. Qe2 e5 16. dxe5 Nxe5 17. Nxe5 Qxe5 18. Rfd1 Ba4 19. Bc2 Bxb3 20.
Bxb3 Rfd8 21. Rd4 Rac8 22. Rcd1 Rc5 23. f4 Qc7 24. Bxd5 Rcxd5 25. Rxd5 Rxd5
26. Re1 Qc5 27. Kh1 Ne4 28. Qa6 Rd2 29. Qxa7 Qa5 30. Qe7 Ng3+ 31. Kh2 Rxg2+
32. Kxg2 Qxe1 33. Qd8+ Kh7 34. Qd3+ g6 35. Qb3 Nh5 36. Qxf7+ Ng7 37. Qb3
Qe2+ 38. Kg3 Nf5# { White checkmated } 0-1

[Event "ICC tourney 2459 (45 10)"]
[Site "Internet Chess Club"]
[Date "2021.03.20"]
[Round "4"]
[White "NARSINA, AARUSH:aarush-narsina"]
[Black "DELABRE, TONY:tdelabre62"]
[Result "0-1"]
[ICCResult "White resigns"]
[WhiteElo "957"]
[BlackElo "1171"]
[Opening "Petrov three knights game"]
[ECO "C42"]
[NIC "RG.01"]
[Time "18:32:47"]
[PlyCount "82"]
[TimeControl "2700+10"]

1. e4 e5 2. Nf3 Nf6 3. Nc3 Bb4 4. d3 Nc6 5. Bd2 O-O 6. Be2 Re8 7. O-O b6 8.
Rc1 Bb7 9. Re1 h6 10. Nd5 Bxd2 11. Nxf6+ Qxf6 12. Qxd2 Rad8 13. h3 Ne7 14.
c4 Ng6 15. b4 d6 16. c5 d5 17. c6 Bxc6 18. exd5 Rxd5 19. a3 Rd7 20. Rc3 Bb5
21. Rec1 c6 22. Qa2 Nf4 23. Bf1 Ba4 24. Qc4 Bb5 25. Qe4 Re6 26. Ra1 Ba4 27.
Be2 Rd4 28. Qe3 Nd5 29. Qc1 Nxc3 30. Qxc3 Rdd6 31. Nd2 Qg6 32. Bg4 f5 33.
Bf3 e4 34. dxe4 fxe4 35. Bg4 Re8 36. Qc4+ Kh8 37. Qe2 Qf6 38. Nxe4 Qxa1+
39. Kh2 Qe5+ 40. g3 Qxe4 41. Qxe4 Rxe4 { White resigns } 0-1

[Event "ICC tourney 2459 (45 10)"]
[Site "Internet Chess Club"]
[Date "2021.03.20"]
[Round "4"]
[White "CHEN, LEON TINGQUAN:leonlunachen"]
[Black "CONNEEN, CHARLIE CHARLES:ukdl"]
[Result "1/2-1/2"]
[ICCResult "Game drawn by repetition"]
[WhiteElo "1052"]
[BlackElo "1286"]
[Opening "Caro-Kann: Panov-Botvinnik attack, 5...e6"]
[ECO "B14"]
[NIC "CK.03"]
[Time "18:32:37"]
[PlyCount "104"]
[TimeControl "2700+10"]

1. e4 c6 2. d4 d5 3. exd5 cxd5 4. c4 Nf6 5. Nc3 e6 6. Nf3 Be7 7. Bd3 Nc6 8.
Bf4 O-O 9. O-O Qb6 10. b3 Nb4 11. Be2 Ne4 12. Nxe4 dxe4 13. c5 Qd8 14. Ne5
f6 15. Nc4 Nd5 16. Bd6 Nc3 17. Qc2 Nxe2+ 18. Qxe2 f5 19. Rad1 b6 20. Qc2
Ba6 21. b4 Bxd6 22. Nxd6 Bxf1 23. Kxf1 a5 24. Qc4 Rf6 25. b5 bxc5 26. dxc5
Rc8 27. Ke2 Rc7 28. Nxe4 Qe8 29. Nxf6+ gxf6 30. Rd6 Kg7 31. b6 Rc6 32. Rxc6
Qxc6 33. f3 Kf7 34. Qc3 a4 35. Qb4 Qd5 36. b7 Qxa2+ 37. Qd2 Qc4+ 38. Kf2
Qxc5+ 39. Qe3 Qc2+ 40. Qe2 Qc5+ 41. Kf1 Qc1+ 42. Qe1 Qc4+ 43. Kg1 Qc5+ 44.
Qf2 Qc1+ 45. Qf1 Qb2 46. Qa6 a3 47. Qa7 Qc1+ 48. Kf2 Qd2+ 49. Kf1 Qd1+ 50.
Kf2 Qd2+ 51. Kf1 Qd1+ 52. Kf2 Qd2+ { Game drawn by repetition } 1/2-1/2

[Event "ICC tourney 2459 (45 10)"]
[Site "Internet Chess Club"]
[Date "2021.03.20"]
[Round "5"]
[White "STALEY, TIMOTHY:PirateKing"]
[Black "NARSINA, AARUSH:aarush-narsina"]
[Result "1-0"]
[ICCResult "Black checkmated"]
[WhiteElo "864"]
[BlackElo "957"]
[Opening "Queen's pawn, Mason variation"]
[ECO "D00"]
[NIC "QP.08"]
[Time "21:01:45"]
[PlyCount "25"]
[TimeControl "2700+10"]

1. d4 d5 2. Bf4 Nc6 3. e3 Nf6 4. Nf3 e6 5. c3 Be7 6. Nbd2 O-O 7. Bd3 Bd7 8.
O-O Rc8 9. Qc2 Re8 10. Ng5 h6 11. Bh7+ Nxh7 12. Qxh7+ Kf8 13. Qh8# { Black
checkmated } 1-0

[Event "ICC tourney 2459 (45 10)"]
[Site "Internet Chess Club"]
[Date "2021.03.20"]
[Round "5"]
[White "REITZ, BARTLEY:reitzbart"]
[Black "CHEN, LEON TINGQUAN:leonlunachen"]
[Result "0-1"]
[ICCResult "White checkmated"]
[WhiteElo "984"]
[BlackElo "1052"]
[Opening "Queen's pawn game"]
[ECO "D00"]
[NIC "QP.07"]
[Time "21:01:58"]
[PlyCount "72"]
[TimeControl "2700+10"]

1. d4 Nf6 2. Nc3 d5 3. Nf3 e6 4. Bg5 h6 5. Bh4 c5 6. e3 Nc6 7. Bb5 a6 8.
Bxc6+ bxc6 9. Ne5 Bd7 10. Qf3 cxd4 11. exd4 c5 12. Nxd7 Qxd7 13. Bxf6 gxf6
14. Qxf6 Rg8 15. O-O Bg7 16. Qf4 cxd4 17. Ne2 e5 18. Qg3 Ke7 19. Qa3+ Qd6
20. Qg3 Bf6 21. Qh3 Bg5 22. f4 exf4 23. Nxf4 Bxf4 24. Rae1+ Kd8 25. Qh4+
Bg5 26. Qxd4 Qd7 27. Re5 Qa7 28. Rxd5+ Ke7 29. Re1+ Kf8 30. Rc5 Be7 31.
Rc8+ Rxc8 32. Qxa7 Bc5+ 33. Qxc5+ Rxc5 34. b4 Rxc2 35. a3 Rgxg2+ 36. Kf1
Rcf2# { White checkmated } 0-1

[Event "ICC tourney 2459 (45 10)"]
[Site "Internet Chess Club"]
[Date "2021.03.20"]
[Round "5"]
[White "NARSINA, ANKIT:ankit-narsina"]
[Black "SIMPSON, CHARLES D:The-Rider"]
[Result "0-1"]
[ICCResult "White checkmated"]
[WhiteElo "208"]
[BlackElo "1204"]
[Opening "Three knights game"]
[ECO "C46"]
[NIC "KP.06"]
[Time "21:01:38"]
[PlyCount "110"]
[TimeControl "2700+10"]

1. e4 e5 2. Nf3 Nc6 3. Nc3 Bc5 4. Bc4 Nd4 5. Nxd4 Bxd4 6. Qf3 Nf6 7. d3 O-O
8. Bg5 Bxc3+ 9. bxc3 d5 10. exd5 Bg4 11. Qxg4 h6 12. Bxf6 Qxf6 13. d4 exd4
14. cxd4 Rfe8+ 15. Be2 Rad8 16. O-O Rxd5 17. Rad1 Qf5 18. Qxf5 Rxf5 19. Bc4
Rd8 20. Bd3 Rfd5 21. c3 Ra5 22. Bc4 b5 23. Bd3 a6 24. Rd2 Ra3 25. c4 Rxd4
26. cxb5 Rdxd3 27. Rxd3 Rxd3 28. bxa6 Ra3 29. Rd1 Rxa6 30. Rd8+ Kh7 31. h4
Rxa2 32. Kh2 Rxf2 33. Rd7 c5 34. Rc7 Rc2 35. Rxf7 c4 36. Rc7 c3 37. Kh3 Rc1
38. g4 c2 39. g5 hxg5 40. hxg5 Kg6 41. Kg4 Rg1+ 42. Kf4 c1=Q+ 43. Rxc1 Rxc1
44. Kg4 Rc4+ 45. Kf3 Kxg5 46. Ke3 Kf5 47. Kd3 Rf4 48. Ke3 g5 49. Ke2 g4 50.
Ke1 g3 51. Ke2 g2 52. Kd3 g1=Q 53. Kc3 Qg3+ 54. Kd2 Rf2+ 55. Ke1 Qg1# {
White checkmated } 0-1

[Event "ICC tourney 2459 (45 10)"]
[Site "Internet Chess Club"]
[Date "2021.03.20"]
[Round "5"]
[White "DELABRE, TONY:tdelabre62"]
[Black "HUA, OLIVER:oxdidi"]
[Result "0-1"]
[ICCResult "White checkmated"]
[WhiteElo "1171"]
[BlackElo "993"]
[Opening "Scotch: Schmidt variation"]
[ECO "C45"]
[NIC "SO.04"]
[Time "21:01:43"]
[PlyCount "106"]
[TimeControl "2700+10"]

1. e4 e5 2. Nf3 Nc6 3. d4 exd4 4. Nxd4 Nf6 5. e5 Nxe5 6. Qe2 Qe7 7. Bf4 d6
8. Nc3 Ng6 9. Bg3 h5 10. h4 Bg4 11. f3 Bd7 12. O-O-O c5 13. Nb3 Qxe2 14.
Bxe2 Ne5 15. Rhe1 Be6 16. Bxe5 dxe5 17. Bb5+ Ke7 18. Rxe5 a6 19. Bc4 b6 20.
Nd5+ Nxd5 21. Bxd5 Rd8 22. Bxe6 Rxd1+ 23. Kxd1 fxe6 24. Ke2 Kd6 25. f4 Be7
26. c3 Bxh4 27. Nd2 Bf6 28. Re3 Kd7 29. Nc4 b5 30. Nd2 c4 31. Ne4 Re8 32.
Nc5+ Kd6 33. Nxa6 Ra8 34. Nb4 e5 35. Kf3 exf4 36. Kxf4 h4 37. g3 hxg3 38.
Rxg3 Be5+ 39. Kf3 Bxg3 40. Kxg3 Ke5 41. b3 cxb3 42. axb3 Ra3 43. Nc6+ Kf6
44. Nd4 g5 45. Kg4 Kg6 46. Kf3 Kh5 47. Kg3 g4 48. Kh2 Kh4 49. c4 bxc4 50.
bxc4 g3+ 51. Kg2 Ra2+ 52. Kh1 Kh3 53. c5 Ra1# { White checkmated } 0-1

[Event "ICC tourney 2459 (45 10)"]
[Site "Internet Chess Club"]
[Date "2021.03.20"]
[Round "5"]
[White "CAO, DANIEL:danielcao"]
[Black "LANKIPALLE, PRANEETH:kookiefalcon"]
[Result "0-1"]
[ICCResult "White resigns"]
[WhiteElo "1121"]
[BlackElo "1057"]
[Opening "Sicilian: Hungarian variation"]
[ECO "B27"]
[NIC "SI.43"]
[Time "21:01:42"]
[PlyCount "74"]
[TimeControl "2700+10"]

1. e4 c5 2. Nf3 g6 3. d4 Bg7 4. dxc5 Qa5+ 5. Bd2 Qxc5 6. Nc3 Nf6 7. Bd3 O-O
8. O-O d6 9. Be3 Qc7 10. Nb5 Qa5 11. b4 Qd8 12. Nxa7 Ng4 13. Nxc8 Nxe3 14.
Nxe7+ Qxe7 15. fxe3 Bxa1 16. Qxa1 Nc6 17. b5 Nb4 18. a3 Nxd3 19. cxd3 d5
20. e5 Qxa3 21. Qd4 Qb3 22. Ng5 h6 23. Nh3 Qxb5 24. Nf4 Ra4 25. Qxd5 Qxd5
26. Nxd5 Ra3 27. Rd1 Rd8 28. e4 Rda8 29. Kf2 Ra1 30. Rxa1 Rxa1 31. d4 b5
32. Nf6+ Kf8 33. d5 b4 34. d6 b3 35. Nd5 Ke8 36. Ke3 b2 37. Nc3 Ra3 { White
resigns } 0-1